ada, lawful female human Valkyrie ----- |[...# |...|### -------------- |...-#### |............| ---.- ###################### .............| ## ### # |............| # # # |........<...| ### ### # --.----------- # a # ##### ## #@ # # ---------|---- ######################%## |............| |....####### -.--------# # |............| -... |........|# ### |............| .... |...>....|############ |............| ...... |..[^..`.|# -.---.- |............| ------- |........| |.....| -------------- ---------- #......| |.....| ------- ada the Fighter Experience level: 7 Strength: 18/01 Dexterity: 12 Constitution: 17 Intelligence: 11 Wisdom: 7 Charisma: 9 Health: 0(77) Energy: 19(19) Def: 0 Gold: 851 Moves: 3658 Dungeon seed: ycwNa8rD_Qu1_0Rn Game ID: ada_1479132816 Your Inventory: Coins $ - 851 gold pieces Weapons b - a blessed +0 dagger (weapon in hand) y - a +2 bow Comestibles c - 7 uncursed food rations l - an uncursed lichen corpse Scrolls f - a blessed scroll of remove curse o - an uncursed scroll of identify w - an uncursed scroll of punishment Spellbooks t - an uncursed spellbook of sleep x - an uncursed spellbook of wizard lock Potions r - an uncursed potion of water Rings u - an uncursed ring of conflict Wands d - a wand of sleep (0:6) m - a wand of nothing (0:6) Tools s - an uncursed magic whistle v - an uncursed blindfold Spells and supernatural/magical abilities: Name Level Category Fail Memory w - wizard lock 2 matter 100% 100% W - pray for help -- divine ? -- Your skills at the end: Fighting Skills Weapon Skills dagger [Basic] long sword [Basic] Spellcasting Skills Final Attributes: You were piously aligned. You were fire resistant. You were cold resistant. You were poison resistant. You were stealthy. You were fast. You were lucky. You are dead. Vanquished creatures: a small mimic a leprechaun a giant spider 4 chickatrices a housecat a blue jelly a fog cloud a shrieker a gnome lord a straw golem 2 giant ants a little dog a floating eye a kitten a kobold lord 3 giant bats a dwarf zombie a wererat a werejackal 2 iguanas a gas spore a hobbit a giant rat a yellow mold a green mold a red mold 3 gnomes 8 jackals a fox a kobold 2 goblins 2 sewer rats 3 grid bugs 4 bats a lichen a kobold zombie 5 newts 64 creatures vanquished. Voluntary challenges: You had been an atheist until turn 3496. You used a wielded weapon 111 times, starting on turn 60. You read items or engraved 3 times, starting on turn 3514. You never genocided any monsters. You never polymorphed an object. You changed form 1 time, starting on turn 3306. You used no wishes. You never split a pudding. You never wrote Elbereth's name. You never violated your personal moral code. Dungeon overview: The Dungeons of Doom: levels 1 to 9 Level 1 an altar to Odin a long staircase Level 2 a potion shop Level 3 Level 4 a sink a long staircase Level 5 Level 6 Level 7 Level 8 Level 9 <- You were here History has recorded: On T:1 you entered the Dungeons of Doom to retrieve the Amulet of Yendor! On T:567 you reached level 2 of The Dungeons of Doom. On T:630 you advanced to experience level 2. On T:737 you advanced to experience level 3. On T:824 you reached level 3 of The Dungeons of Doom. On T:1415 you reached level 4 of The Dungeons of Doom. On T:1718 you advanced to experience level 4. On T:2044 you reached level 5 of The Dungeons of Doom. On T:2251 you advanced to experience level 5. On T:2579 you reached level 6 of The Dungeons of Doom. On T:2618 you reached level 7 of The Dungeons of Doom. On T:2876 you reached level 8 of The Dungeons of Doom. On T:3447 you reached level 9 of The Dungeons of Doom. On T:3487 you advanced to experience level 6. On T:3526 you advanced to experience level 7. Score breakdown: Gold: 851 ( 9968 points) Experience: 7 levels (13645 points) Exploration: 9 levels ( 18.75%) (12377 points) Discoveries: 2 items ( 0.81%) ( 2705 points) Valuables value: (no points given unless you survive) Artifact value: 0 ( 0 points) Variety of kills: 37 monsters ( 9.71%) ( 9348 points) Turncount: 3658 turns ( -892 points) Survival: died (score multiplied by 80%) Total score: 37720 Latest messages: You miss the kitten. The kitten bites! You kill the kitten! You stop exploring. The fire ant bites! (2x) You're on fire! The fire doesn't feel hot! Your yellow potion boils and explodes! For an instant you couldn't see yourself! You begin praying to Tyr. The fire ant bites! (2x) You're on fire! The fire doesn't feel hot! The fire ant bites! (2x) You're on fire! The fire doesn't feel hot! The fire ant bites! (2x) You're on fire! The fire doesn't feel hot! The fire ant bites! You die... Final status: Farvel ada the Valkyrie, killed by a fire ant, while praying... You died in The Dungeons of Doom on dungeon level 9 with 37720 points, and 851 pieces of gold, after 3658 moves. You were level 7 with a maximum of 77 hit points when you died.